 Dungeon Crawl Stone Soup version 0.28-a0-1493-g08698888e4 (webtiles) character file.

Game seed: 7711557976057191328

8 knot the Chopper (level 2, 14/36 HPs)
             Began as a Demonspawn Berserker on Jan 13, 2022.
             Was a Follower of Trog.
             Quit the game on level 1 of the Dungeon.
             The game lasted 00:00:16 (370 turns).

knot the Chopper (Demonspawn Berserker)              Turns: 370, Time: 00:00:17

Health: 14/36      AC:  2    Str: 17    XL:     2   Next: 0%
Magic:  2/2        EV: 12    Int:  8    God:    Trog [*.....]
Gold:   0          SH:  0    Dex: 12    Spells: 1/1 levels left

rFire   . . .      SeeInvis .   a - +0 hand axe
rCold   . . .      Faith    .   (no shield)
rNeg    . . .      Spirit   .   b - +0 animal skin
rPois   .          Reflect  .   (no helmet)
rElec   .          Harm     .   (no cloak)
rCorr   .          Rampage  .   (no gloves)
Will    .....                   (no boots)
Stlth   ..........              (no amulet)
HPRegen 0.12/turn               (no ring)
MPRegen 0.08/turn               (no ring)

@: berserking, very quick
A: claws 1
a: Renounce Religion, Berserk


You were on level 1 of the Dungeon.
You worshipped Trog.
Trog was aware of your devotion.
You visited 1 branch of the dungeon, and saw 1 of its levels.

Inventory:

Hand Weapons
 a - a +0 hand axe (weapon)
Missiles
 d - 18 arrows
 e - 4 stones (quivered)
Armour
 b - a +0 animal skin (worn)
Potions
 c - a potion of heal wounds {unknown}
 f - a potion of flight {unknown}


   Skills:
 - Level 3.0 Fighting
 + Level 3.2 Axes
 - Level 1.7 Armour
 - Level 1.7 Dodging


You had one spell level left.
You didn't know any spells.
Your spell library was empty.

Dungeon Overview and Level Annotations

Branches:
Dungeon (1/15)

Altars:


Innate Abilities, Weirdness & Mutations

You have sharp fingernails.


Message History

The quokka bites you. The quokka closely misses you.
You hit the quokka.
You kill the quokka!
Trog accepts your kill.
No target in view!
No target in view!
You see here a quokka corpse.
Found a hunting sling and a club.
A hobgoblin comes into view.
The hobgoblin shouts!
Something unseen opens the door.
A goblin comes into view. It is wielding a +0 club.
You see here a +0 club.
Found a stone staircase leading down.
The goblin closely misses you.
You closely miss the goblin. The goblin closely misses you.
The hobgoblin barely misses you.
You barely miss the hobgoblin. You closely miss the goblin.
The goblin hits you with a +0 club. The hobgoblin barely misses you.
You closely miss the hobgoblin. You closely miss the goblin.
The goblin hits you with a +0 club. The hobgoblin hits you.
You closely miss the hobgoblin. You barely miss the goblin.
The goblin hits you with a +0 club. The hobgoblin misses you.
You barely miss the hobgoblin. You hit the goblin but do no damage.
The goblin hits you but does no damage. The hobgoblin closely misses you.
You hit the hobgoblin.
The hobgoblin is severely wounded.
You hit the goblin. The goblin hits you but does no damage.
The hobgoblin barely misses you. The goblin barely misses you.
A red film seems to cover your vision as you go berserk!
You feel yourself moving faster!
You feel mighty! The hobgoblin hits you. The goblin barely misses you.
You slash the hobgoblin!
You kill the hobgoblin!
Trog accepts your kill.
You closely miss the goblin.
You have reached level 2!
You feel monstrous as your demonic heritage exerts itself.
Your demonic ancestry asserts itself...
Your fingernails lengthen.
Are you sure you want to abandon this character and quit the game? (Confirm with "yes".)

#⌠...⌠# ######## #######
.. #.# ##..##+###
#........# #........#
#........#
#.....†.)###############
#......@).............†.
####'#g##.##############
#... #.# ##.. #.# ..>
#.# ...# #.# #.#. #.#
..... ..#


You could see a goblin.

Vanquished Creatures
  A giant cockroach (D:1)
  2 hobgoblins (D:1)
  A kobold (D:1)
  A quokka (D:1)
  A ball python (D:1)
  A rat (D:1)
7 creatures vanquished.

Notes
Turn   | Place    | Note
-------+----------+-------------------------------------------
     0 | D:1      | knot the Demonspawn Berserker began the quest for the Orb.
     0 | D:1      | Reached XP level 1. HP: 18/18 MP: 1/1
   370 | D:1      | Discovered your monstrous ancestry.
   370 | D:1      | Gained mutation: You have sharp fingernails. [demonic
                  | ancestry]
   370 | D:1      | Reached XP level 2. HP: 14/24 MP: 2/2
   370 | D:1      | Quit the game

Illustrated notes

Levels and vault maps discovered:
D:1:      amcnicky_arrival_gap_in_the_tavern_cellar, layout_basic, serial_glass,
          glass_columns_c, glass_columns_a

Skill      XL: |  1 |
---------------+----+-----
Axes           | 3 |  3.2
Fighting       | |  3.0
Armour         | |  1.7
Dodging        | |  1.7

Action                   || total
-------------------------++-------
Melee: Hand axe          ||    28
Invok: Berserk           ||     1
Armor: Animal skin       ||     9
Dodge: Dodged            ||    20

Table legend: (Time is in decaauts)
 A = Elapsed time spent in this place.
 B = Non-inter-level travel time spent in this place.
 C = Inter-level travel time spent in this place.
 D = Time resting spent in this place.
 E = Time spent auto-exploring this place.
 F = Levels seen in this place.
 G = Mean time per level.
                   A        B        C        D        E       F      G
               +--------+--------+--------+--------+--------+-----+--------+
         Total |    373 |    373 |      0 |      0 |    316 |   1 |  373.0 |
       Dungeon |    373 |    373 |      0 |      0 |    316 |   1 |  373.0 |
               +--------+--------+--------+--------+--------+-----+--------+

Top non-repeatable levels by time:
     D:1: 373 daAuts
